 Dungeon Crawl Stone Soup version 0.27-a0-1281-ge233d83751 (webtiles) character file.

Game seed: 8380052189146383926

60 Glokmah the Poker (level 4, -2/35 HPs)
             Began as a Human Monk on June 14, 2021.
             Slain by an iguana (10 damage)
             ... on level 3 of the Dungeon.
             The game lasted 00:05:32 (2537 turns).

Glokmah the Poker (Human Monk)                      Turns: 2537, Time: 00:05:33

Health: -2/35      AC: 14    Str: 12    XL:     4   Next: 25%
Magic:  4/4        EV:  3    Int: 11    God:
Gold:   113        SH:  0    Dex: 15    Spells: 3/3 levels left

rFire    . . .     SeeInvis .   g - +0 scythe (flame)
rCold    . . .     Faith    .   (shield currently unavailable)
rNeg     . . .     Spirit   .   e - +4 plate armour
rPois    .         Reflect  .   (no helmet)
rElec    .         Harm     .   (no cloak)
rCorr    .         Rampage  .   (no gloves)
Will     .....                  (no boots)
Stlth    ..........             (no amulet)
HPRegen  0.11/turn              (no ring)
MPRegen  0.09/turn              (no ring)

@: no status effects
A: no striking features
a: no special abilities


You were on level 3 of the Dungeon.
You visited 1 branch of the dungeon, and saw 4 of its levels.

You collected 113 gold pieces.

Inventory:

Hand Weapons
 a - a +0 spear
 g - a +0 scythe of flaming (weapon)
Armour
 b - a +0 robe
 e - a +4 plate armour (worn)
Potions
 f - a potion of might {unknown}
 h - 2 potions of lignification
 i - 4 potions of curing


   Skills:
 + Level 3.5 Fighting
 * Level 3.7 Polearms
 * Level 1.3 Armour
 - Level 3.3 Dodging
 - Level 2.0 Stealth


You had 3 spell levels left.
You didn't know any spells.
Your spell library contained the following spells:

 Spells                   Type           Power      Damage    Failure   Level
 Animate Skeleton         Necr           0%         N/A       100%        1
 Pain                     Necr           0%         1d4       100%        1
 Confusing Touch          Hex            0%         N/A       100%        3
 Gell's Gravitas          Tloc           0%         N/A       100%        3
 Vampiric Draining        Necr           0%         2d6       100%        3
 Animate Dead             Necr           0%         N/A       100%        4
 Petrify                  Tmut/Erth      0%         N/A       100%        4
 Agony                    Necr           0%         N/A       100%        5
 Metabolic Englaciation   Hex/Ice        0%         N/A       100%        5
 Yara's Violent Unravell  Hex/Tmut       0%         3d3       100%        5


Dungeon Overview and Level Annotations

Branches:
Dungeon (4/15)
 Temple: D:4-7

Altars:

Shops:
D:3 *   D:4 !

Annotations:
D:3 3 runed translucent doors, Wyvric's ghost, amateur FoAM


Message History

The slug dart hits you but does no damage.
The endoplasm freezes you.
You are frozen.
The iguana bites you!
There is a stone staircase leading up here.
The endoplasm hits you but does no damage.
You climb upwards.
Level annotation: 3 runed translucent doors, Wyvric's ghost, amateur FoAM
There is a stone staircase leading down here.
You slash the endoplasm! You burn the endoplasm.
You kill the endoplasm!
You start resting.
HP restored.
You start waiting.
Done waiting.
There is a stone staircase leading down here.
You climb downwards.
The iguana bites you.
There is a stone staircase leading up here.
The iguana bites you but does no damage.
You climb upwards.
Level annotation: 3 runed translucent doors, Wyvric's ghost, amateur FoAM
There is a stone staircase leading down here.
You hit the iguana. You burn the iguana.
The iguana is heavily wounded.
The iguana completely misses you. The iguana barely misses you.
You barely miss the iguana.
The iguana is heavily wounded.
The iguana bites you! The iguana bites you.
You barely miss the iguana.
The iguana is heavily wounded.
The iguana bites you but does no damage.
The iguana bites you.
You hit the iguana. You burn the iguana.
The iguana is severely wounded.
The iguana bites you but does no damage.
The iguana bites you!
* * * LOW HITPOINT WARNING * * *
You hit the iguana. You burn the iguana.
The iguana is almost dead.
The iguana bites you!
You die...

........#####............#.....#
........#####.###......#######.#
........#...#.##..........[.##.#
........#.#.#.#.)..............#
#########.#.#.#.##########.#####
# #.#.#...........##[# #
#.#.#<...######.##÷#
#########...'..l.#.......÷.#
#...........#...@#.#..#.####
#.#########.######....#.# ..#
### ####.#.# ### #>..# ##### # #
#


You could see an iguana.

Vanquished Creatures
  An adder (D:2)
  An adder skeleton (D:4)
  A worm (D:2)
  A dart slug (D:1)
  An orc (D:3)
  2 ball pythons
  4 endoplasms
  A giant cockroach (D:2)
  4 goblins
  2 hobgoblins
  5 jackals
  8 kobolds
  2 bats
  2 frilled lizards (D:1)
  3 rats
38 creatures vanquished.

Notes
Turn   | Place    | Note
-------+----------+-------------------------------------------
     0 | D:1      | Glokmah the Human Monk began the quest for the Orb.
     0 | D:1      | Reached XP level 1. HP: 18/18 MP: 1/1
    69 | D:1      | Reached XP level 2. HP: 24/24 MP: 2/2
   546 | D:2      | You fall into a shaft and drop 1 floor!
   683 | D:2      | Reached XP level 3. HP: 29/29 MP: 3/3
   697 | D:2      | Found a faded altar of an unknown god.
  1495 | D:2      | Reached skill level 1 in Armour
  1611 | D:3      | Reached XP level 4. HP: 35/35 MP: 4/4
  1628 | D:3      | Found a runed translucent gate.
  1628 | D:3      | Found a runed translucent gate.
  1630 | D:3      | Found a runed translucent gate.
  1630 | D:3      | Noticed Wyvric's ghost (amateur FoAM)
  1652 | D:3      | Found Vefeochu's General Store.
  2216 | D:4      | Identified the +6 dagger of Woe {drain, rF+ Dex+3}
  2258 | D:4      | Found Feops's Distillery.
  2537 | D:3      | Slain by an iguana

Illustrated notes

Levels and vault maps discovered:
D:1:      minmay_arrival_jagged, layout_basic
D:2:      layout_loops_ring, hellmonk_ecumenical_altar_inner_sanctum
D:3:      layout_basic, serial_shops, shop, gammafunk_ghost_split
D:4:      layout_basic, nicolae_overflow_crystal_walls,
          nicolae_sif_muna_little_library, serial_shops, shop, st_stairs_13,
          palyth_stone_intersect

Skill      XL: |  1  2  3 |
---------------+----------+-----
Armour         | 1 |  1.3
Fighting       | |  3.5
Polearms       | |  3.7
Dodging        | |  3.3
Stealth        | |  2.0

Action                   |  1- 3 |  4- 6 || total
-------------------------+-------+-------++-------
Melee: Spear             |   110 |       ||   110
       Scythe            |     7 |    24 ||    31
  Use: Scroll            |       |     7 ||     7
 Stab: Sleeping          |     2 |       ||     2
Armor: Robe              |     6 |       ||     6
       Plate armour      |    47 |    32 ||    79
Dodge: Dodged            |    24 |    13 ||    37

Table legend: (Time is in decaauts)
 A = Elapsed time spent in this place.
 B = Non-inter-level travel time spent in this place.
 C = Inter-level travel time spent in this place.
 D = Time resting spent in this place.
 E = Time spent auto-exploring this place.
 F = Levels seen in this place.
 G = Mean time per level.
                   A        B        C        D        E       F      G
               +--------+--------+--------+--------+--------+-----+--------+
         Total |   2561 |   2455 |    106 |    209 |   1760 |   4 |  640.2 |
       Dungeon |   2561 |   2455 |    106 |    209 |   1760 |   4 |  640.2 |
               +--------+--------+--------+--------+--------+-----+--------+

Top non-repeatable levels by time:
     D:2: 968 daAuts
     D:3: 803 daAuts
     D:1: 518 daAuts
     D:4: 271 daAuts
